 Dungeon Crawl Stone Soup version 0.29-a0-542-g075992c915 (webtiles) character file.

Game seed: 8105175450046329680

228 Essalna the Ruffian (level 5, -6/45 HPs)
             Began as a Draconian Transmuter on June 3, 2022.
             Killed by miscasting Ice Form (18 damage)
             ... on level 3 of the Dungeon.
             The game lasted 00:07:13 (4386 turns).

Essalna the Ruffian (Draconian Transmuter)          Turns: 4386, Time: 00:07:14

Health: -6/45      AC:  5    Str: 12    XL:     5   Next: 71%
Magic:  0/8        EV: 12    Int: 16    God:
Gold:   277        SH:  0    Dex: 11    Spells: 3/8 levels left

rFire   . . .      SeeInvis .     - Unarmed
rCold   . . .      Faith    .   (no shield)
rNeg    . . .      Spirit   .   (body armour unavailable)
rPois   +          Reflect  .   (helmet restricted)
rElec   .          Harm     .   d - scarf {repulsion}
rCorr   .          Rampage  .   (no gloves)
Will    .....                   (no boots)
Stlth   +.........              (no amulet)
HPRegen 0.15/turn               j - ring of poison resistance
MPRegen 0.11/turn               (no ring)

@: slightly contaminated, repel missiles
A: AC +5, unfitting armour, cold-blooded
a: no special abilities


You were on level 3 of the Dungeon.
You visited 1 branch of the dungeon, and saw 5 of its levels.

You collected 277 gold pieces.

Inventory:

Armour
 d - a scarf of repulsion (worn)
Jewellery
 j - a ring of poison resistance (left hand)
 o - a +4 ring of protection
Scrolls
 b - 3 scrolls of identify
 f - 2 scrolls of amnesia
 g - a scroll of torment {unknown}
 h - a scroll of magic mapping {unknown}
 i - a scroll of noise {unknown}
 p - a scroll of enchant armour {unknown}
Potions
 a - a potion of lignification
 k - 2 potions of curing
 l - 2 potions of attraction {unknown}
 m - a potion of invisibility {unknown}
 n - a potion of heal wounds {unknown}


   Skills:
 + Level 3.4 Fighting
 + Level 2.3 Dodging
 + Level 4.2 Unarmed Combat
 - Level 2.0 Spellcasting
 + Level 3.5 Transmutations
 + Level 1.1 Ice Magic


You had 3 spell levels left.
You knew the following spells:

 Your Spells              Type           Power      Damage    Failure   Level
a - Beastly Appendage     Tmut           24%        N/A       4%          1
b - Ice Form              Ice/Tmut       9%         N/A       61%         4

Your spell library contained the following spells:

 Spells                   Type           Power      Damage    Failure   Level
 Wereblood                Tmut           12%        N/A       8%          2
 Static Discharge         Conj/Air       1%         N/A       30%         2
 Spider Form              Tmut/Pois      7%         N/A       30%         3
 Corpse Rot               Necr/Pois/Air  1%         N/A       90%         4
 Dispel Undead            Necr           1%         3d6       90%         4
 Sticky Flame             Conj/Fire      1%         2d3       90%         4
 Death Channel            Necr           0%         N/A       100%        6


Dungeon Overview and Level Annotations

Branches:
Dungeon (5/15)
 Temple: D:4-7

Altars:
The Shining One

Annotations:
D:3 Edmund


Innate Abilities, Weirdness & Mutations

Your plain brown scales are hard. (AC +5)
You cannot fit into any form of body armour.
You are cold-blooded and may be slowed by cold attacks.


Message History

There is an open door here.
There is a stone staircase leading down here.
You climb downwards.
Level annotation: Edmund
There is a stone staircase leading up here.
You open the door.
Found a glowing golden altar of the Shining One.
Found an escape hatch in the floor.
There is an escape hatch in the ceiling here.
Edmund hits you with a +0 dire flail of protection!
A mysterious force pulls you upwards. The hatch slams shut behind you.
As you read the scroll labelled IBAUKEO ZAOFF, it crumbles to dust.
It is a scroll of enchant weapon.
You aren't carrying any weapons that can be enchanted.
Edmund hits you with a +0 dire flail of protection!
As you read the scroll labelled BAUMOS QANO, it crumbles to dust.
It is a scroll of amnesia.
Really abort (and waste the scroll)? [Y]es or [N]o only, please.
Really abort (and waste the scroll)?
Okay, then.
Edmund hits you with a +0 dire flail of protection.
Casting: Beastly Appendage (safe; 4% risk of failure)
Confirm with . or Enter, or press ? or * to list all spells.
Okay, then.
Casting: Beastly Appendage (safe; 4% risk of failure)
Confirm with . or Enter, or press ? or * to list all spells.
The spell is extremely dangerous to miscast (61% risk of failure)!
Continue anyway?
You miscast Ice Form.
You are very lightly contaminated with residual magic.
You feel very strange.
Edmund hits you with a +0 dire flail of protection.
* * * LOW HITPOINT WARNING * * *
Casting: Ice Form (extremely dangerous; 61% risk of failure)
Confirm with . or Enter, or press ? or * to list all spells.
The spell is extremely dangerous to miscast (61% risk of failure)!
Continue anyway?
You miscast Ice Form.
You are lightly contaminated with residual magic.
You feel extremely cold!!
You die...

...# #.........#
#..# #.......#.#
...# ####.......#.#
...# #...........>#
..## #............#
..#
#............######
..#
#..................
.##
#..@..........#####
.# #.@...........#
## #.............##
# #..............#
###########....#
#....# #....#
#....# ###'##
###########.#


You could see Edmund.

Vanquished Creatures
  A scorpion (D:5)
  2 hounds (D:4)
  A gnoll (D:4)
  2 adders
  2 worms
  A dart slug (D:2)
  4 orcs
  11 ball pythons
  6 bats
  4 endoplasms
  A giant cockroach (D:4)
  5 hobgoblins
  2 jackals (D:3)
  11 kobolds
  3 quokkas
  A frilled lizard (D:1)
  4 goblins
  4 rats
65 creatures vanquished.

Notes
Turn   | Place    | Note
-------+----------+-------------------------------------------
     0 | D:1      | Essalna the Draconian Transmuter began the quest for the
                  | Orb.
     0 | D:1      | Reached XP level 1. HP: 16/16 MP: 3/3
    25 | D:1      | Found a faded altar of an unknown god.
   324 | D:1      | Reached XP level 2. HP: 18/23 MP: 3/5
  1299 | D:2      | Reached XP level 3. HP: 28/29 MP: 4/6
  2961 | D:3      | Reached XP level 4. HP: 35/37 MP: 5/7
  3434 | D:4      | Reached skill level 4 in Unarmed Combat
  3446 | D:4      | Learned a level 4 spell: Ice Form
  3648 | D:4      | Reached XP level 5. HP: 33/45 MP: 6/8
  3887 | D:4      | Noticed Edmund
  3909 | D:5      | Entered Level 5 of the Dungeon
  3923 | D:5      | Reached skill level 1 in Ice Magic
  4106 | D:5      | Noticed a black bear
  4108 | D:5      | Noticed a phantom
  4370 | D:4      | Found a glowing golden altar of the Shining One.
  4386 | D:3      | Killed by miscasting Ice Form

Illustrated notes

Levels and vault maps discovered:
D:1:      tarquinn_simple_flora_water_f, layout_basic, basic_ecumenical_altar,
          chequers_serial_rivers_small_3
D:2:      minmay_spotlight, layout_basic, kennysheep_donut
D:3:      layout_basic, serial_curves, eino_curves_03, eino_curves_04
D:4:      layout_cave_pools, general_overflow_altar, serial_column_ruins,
          column_ruins_hut_ruined, column_ruins_temple_hut,
          column_ruins_columns_straight, column_ruins_open_tiny,
          column_ruins_open_tiny, column_ruins_open_large, column_ruins_grid_1,
          column_ruins_grid_1, minmay_between, uniq_edmund
D:5:      cheibrodos_barr_body, layout_basic

Skill      XL: |  1  2  3  4  5 |
---------------+----------------+-----
Fighting       | 2 3 |  3.4
Transmutations | 3 |  3.5
Unarmed Combat | 4 |  4.2
Dodging        | 2 |  2.3
Ice Magic      | 1 |  1.1
Spellcasting   | |  2.0

Action                   |  1- 3 |  4- 6 || total
-------------------------+-------+-------++-------
Melee: Unarmed           |   111 |    66 ||   177
       Kick              |    21 |    19 ||    40
       Tailslap          |     6 |     5 ||    11
       Headbutt          |    14 |     9 ||    23
       Punch             |       |     1 ||     1
 Cast: Beastly Appendage |    42 |    12 ||    54
  Use: Scroll            |       |     4 ||     4
 Stab: Sleeping          |     1 |       ||     1
Armor: Skin              |    42 |    13 ||    55
Dodge: Dodged            |    58 |    32 ||    90

Table legend: (Time is in decaauts)
 A = Elapsed time spent in this place.
 B = Non-inter-level travel time spent in this place.
 C = Inter-level travel time spent in this place.
 D = Time resting spent in this place.
 E = Time spent auto-exploring this place.
 F = Levels seen in this place.
 G = Mean time per level.
                   A        B        C        D        E       F      G
               +--------+--------+--------+--------+--------+-----+--------+
         Total |   4378 |   4203 |    175 |    180 |   3466 |   5 |  875.6 |
       Dungeon |   4378 |   4203 |    175 |    180 |   3466 |   5 |  875.6 |
               +--------+--------+--------+--------+--------+-----+--------+

Top non-repeatable levels by time:
     D:3: 1346 daAuts
     D:2: 1097 daAuts
     D:4: 880 daAuts
     D:1: 843 daAuts
     D:5: 211 daAuts
